 Dungeon Crawl Stone Soup version 0.30-a0-137-gd8773701ce (webtiles) character file.

Game seed: 12292730864144478756

7387 KarmaKiller the Basher (level 11, -18/67 HPs)
             Began as a Gargoyle Fighter on Sept 20, 2022.
             Killed from afar by an ice statue (25 damage)
             ... with a shard of ice
             ... in an ice cave on Sept 23, 2022.
             The game lasted 01:30:28 (8429 turns).

KarmaKiller the Basher (Gargoyle Fighter)           Turns: 8429, Time: 01:30:32

Health: -18/67     AC: 31    Str: 24    XL:     11   Next: 14%
Magic:  11/11      EV:  6    Int:  9    God:
Gold:   253        SH: 10    Dex:  9    Spells: 10/10 levels left

rFire   . . .      SeeInvis .    V - +2 flail
rCold   . . .      Faith    .    J - +0 kite shield
rNeg    + . .      Spirit   .    Y - +0 plate armour
rPois   ∞          Reflect  .    s - +0 helmet
rElec   +          Harm     .    K - +0 cloak
rCorr   .          Rampage  .    w - +0 pair of gloves
Will    .....                    d - +0 pair of boots
Stlth   ..........               n - amulet of regeneration
HPRegen 1.01/turn                f - +4 ring of protection
MPRegen 0.12/turn                (no ring)

@: hasted, very quick
A: sickness immunity, AC +8, negative energy resistance 1, electricity
resistance, torment resistance 1, petrification resistance
a: no special abilities


You were in an ice cave.
You visited 3 branches of the dungeon, and saw 12 of its levels.
You also visited: Ice Cave.

You collected 516 gold pieces.
You spent 263 gold pieces at shops.

Inventory:

Hand Weapons
 h - a +1 long sword
 p - a +0 scythe
 A - a +4 falchion
 D - a +0 spear
 E - a +5 great sword
 I - a +0 falchion
 Q - a +0 whip of freezing
 U - a +4 short sword
 V - a +2 flail (weapon)
 W - a +1 glaive of flaming
Missiles
 C - 2 javelins (quivered)
Armour
 d - a +0 pair of boots (worn)
 s - a +0 helmet (worn)
 w - a +0 pair of gloves (worn)
 J - a +0 kite shield (worn)
 K - a +0 cloak (worn)
 M - a +0 pair of boots
 Y - a +0 plate armour (worn)
Magical Staves
 j - a staff of air
Jewellery
 a - an amulet of the acrobat
 f - a +4 ring of protection (left hand)
 n - an amulet of regeneration (around neck)
Wands
 c - a wand of paralysis (6)
 g - a wand of flame (15)
 o - a wand of iceblast (7)
 y - a wand of digging (3)
Scrolls
 i - 3 scrolls of identify
 k - a scroll of magic mapping
 m - a scroll of fear
 t - a scroll of teleportation
 u - a scroll of enchant weapon {unknown}
 z - 7 scrolls of amnesia
 B - a scroll of summoning {unknown}
 G - a scroll of noise {unknown}
 L - a scroll of immolation {unknown}
 O - 5 scrolls of poison
 P - a scroll of butterflies {unknown}
 R - 2 scrolls of blinking {unknown}
 T - a scroll of acquirement {unknown}
 Z - 2 scrolls of vulnerability {unknown}
Potions
 l - a potion of brilliance {unknown}
 q - 2 potions of mutation
 r - a potion of degeneration
 x - 2 potions of curing
 N - 2 potions of flight
 S - a potion of magic
 X - a potion of lignification


   Skills:
 + Level 7.0 Fighting
 + Level 10.6 Maces & Flails
 + Level 8.7 Armour
 + Level 2.7 Dodging
 + Level 0.8 Stealth
 + Level 10.2 Shields


You had 10 spell levels left.
You didn't know any spells.
Your spell library contained the following spells:

 Spells                   Type           Power      Damage    Failure   Level
 Summon Guardian Golem    Hex/Summ       0%         N/A       100%        3
 Petrify                  Tmut/Erth      0%         N/A       100%        4
 Irradiate                Conj/Tmut      0%         3d11      100%        5
 Orb of Destruction       Conj           0%         9d5       100%        7
 Spellforged Servitor     Conj/Summ      0%         N/A       100%        7
 Sublimation of Blood     Necr           Unusable   N/A       N/A         2

Dungeon Overview and Level Annotations

Branches:
Dungeon (10/15)            Temple (1/1) D:5            Lair (1/5) D:10
  IceCv (1/1)
    Orc: D:9-12

Altars:
Cheibriados
Dithmenos
Elyvilon
Gozag
Hepliaklqana
Kikubaaqudgha
Makhleb
Nemelex Xobeh
Okawaru
Qazlal
Sif Muna
Uskayaw
Vehumet
Wu Jian
Xom
Yredelemnul
Zin
The Shining One

Shops:
D:2 *   D:4 *   D:6 (

Annotations:
IceCv exclusion: 2 ice statues


Innate Abilities, Weirdness & Mutations

You are immune to sickness and miasma.
Your stone body is resilient. (AC +8)
You are immune to poison.
You resist negative energy. (rN+)
You are resistant to electric shocks. (rElec)
You are resistant to unholy torment.
You are immune to petrification.


Message History

You hit the white ugly thing.
The white ugly thing is moderately wounded.
Your resistance to elements expires.
The white ugly thing pecks you but does no damage.
You hit the white ugly thing.
The white ugly thing is heavily wounded.
The white ugly thing pecks you! The white ugly thing freezes you!!
You feel yourself speed up.
The white ugly thing pecks you but does no damage.
You hit the white ugly thing but do no damage.
The white ugly thing is moderately wounded.
You closely miss the white ugly thing.
The white ugly thing is moderately wounded.
The white ugly thing pecks you but does no damage.
You closely miss the white ugly thing.
The white ugly thing is moderately wounded.
The cane toad simulacrum hits you but does no damage.
The white ugly thing pecks you. The white ugly thing freezes you!!
* * * LOW HITPOINT WARNING * * *
As you read the scroll of teleportation, it crumbles to dust.
You feel strangely unstable.
You block the cane toad simulacrum's attack.
Your surroundings seem slightly different. 2 ice statues come into view.
Marking area around 2 ice statues as unsafe for travelling.
You feel better. The ice statue gestures at you.
The freezing blast engulfs you.
The white ugly thing is engulfed in freezing vapours.
The ice statue glitters chillingly in the dim dungeon light.
The ice statue gestures at you. The freezing blast engulfs you.
* * * LOW HITPOINT WARNING * * *
You completely miss the white ugly thing.
The white ugly thing is heavily wounded.
You are engulfed in freezing vapours.
* * * LOW HITPOINT WARNING * * *
The ice statue gestures at you. The shard of ice hits you!!
You die...

############# #######
##....8#!(=..## ##.....#
#.....○#}.....###......#
.....☼☼#○Z.....#.......#
......○@u○...§....∩..∩.#
......☼#Z......#.......#
#......#[.....###......#
##....8#[[...## ##.....#
############# #######


You could see 2 ice statues, a white ugly thing, a cane toad simulacrum and a
polar bear simulacrum.

Vanquished Creatures
  Pikel (D:6)
  A cane toad (Lair:1)
  A black mamba (Lair:1)
  A komodo dragon (Lair:1)
  An unseen horror (D:10)
  A rime drake (Lair:1)
  A troll (D:9)
  Sigmund (D:2)
  A wyvern (D:9)
  2 wraiths
  A vampire (D:10)
  5 yaks (D:10)
  2 steam dragons
  2 water moccasins
  An ice beast (D:5)
  2 orc warriors
  A black bear (D:5)
  A sky beast (D:6)
  3 centaurs
  A phantom (D:6)
  2 kobold brigands
  2 bullfrogs (D:8)
  3 necrophages
  A cane toad simulacrum (IceCv)
  6 scorpions
  12 wights
  8 killer bees (D:8)
  3 howler monkeys
  6 orc priests
  3 hounds
  2 iguanas (D:5)
  4 orc wizards
  3 wolf simulacra (IceCv)
  Robin (D:2)
  6 gnolls
  7 adders
  A shadow imp (D:5)
  2 ufetubi (D:5)
  2 worms (D:3)
  3 dart slugs
  21 orcs
  4 ball pythons
  5 bats
  6 endoplasms
  5 giant cockroaches
  10 hobgoblins
  3 jackals (D:3)
  6 quokkas
  3 frilled lizards
  15 goblins
  10 kobolds
  3 rats
198 creatures vanquished.

Vanquished Creatures (others)
  An orc wizard (D:6)
  3 fungi (D:6)
  7 plants
11 creatures vanquished.

Grand Total: 209 creatures vanquished

Notes
Turn   | Place    | Note
-------+----------+-------------------------------------------
     0 | D:1      | KarmaKiller the Gargoyle Fighter began the quest for the
                  | Orb.
     0 | D:1      | Reached XP level 1. HP: 14/14 MP: 1/1
   206 | D:1      | Reached XP level 2. HP: 18/19 MP: 2/2
   941 | D:2      | Reached XP level 3. HP: 23/23 MP: 3/3
  1060 | D:2      | Found Zoeps's Assorted Antiques.
  1137 | D:2      | Noticed Robin
  1286 | D:2      | Noticed Sigmund
  1302 | D:2      | Killed Sigmund
  1303 | D:2      | Reached XP level 4. HP: 23/29 MP: 4/4
  1303 | D:2      | Reached XP level 5. HP: 26/33 MP: 5/5
  1459 | D:2      | Killed Robin
  1460 | D:2      | Reached XP level 6. HP: 31/38 MP: 6/6
  1557 | D:2      | Upgraded the game from 0.30-a0-135-g630cfc4551 to
                  | 0.30-a0-137-gd8773701ce
  2582 | D:4      | Found Jodyebyo's General Store.
  2644 | D:4      | Bought a potion of curing for 39 gold pieces
  2942 | D:4      | Reached XP level 7. HP: 43/43 MP: 7/7
  2971 | D:4      | Noticed a +0 short sword
  2971 | D:4      | Noticed a +0 falchion
  2972 | D:4      | Noticed a +0 dagger
  2972 | D:4      | Noticed a +0 spear
  2973 | D:4      | Noticed a +0 falchion
  2974 | D:4      | Noticed a +0 short sword
  2974 | D:4      | Noticed a +0 dagger
  2974 | D:4      | Noticed a +0 spear
  2976 | D:4      | Found a hide-covered altar of Uskayaw.
  3037 | D:4      | Reached skill level 5 in Maces & Flails
  3266 | D:5      | Entered Level 5 of the Dungeon
  3311 | D:5      | Reached skill level 1 in Dodging
  3496 | D:5      | Reached skill level 5 in Armour
  3538 | D:5      | Found a sparkling altar of Nemelex Xobeh.
  3653 | D:5      | Found a staircase to the Ecumenical Temple.
  3659 | Temple   | Entered the Ecumenical Temple
  3778 | D:5      | Reached skill level 5 in Shields
  3819 | D:5      | Reached XP level 8. HP: 42/48 MP: 8/8
  4041 | D:5      | Found a radiant altar of Vehumet.
  4189 | D:6      | Noticed Pikel
  4207 | D:6      | Killed Pikel
  4208 | D:6      | Reached skill level 5 in Fighting
  4296 | D:6      | Reached XP level 9. HP: 51/54 MP: 9/9
  4438 | D:6      | Found a snail-covered altar of Cheibriados.
  4610 | D:6      | Found an opulent altar of Gozag.
  4728 | D:6      | Found Idyal's Hydra Hut.
  4732 | D:6      | Noticed a six-headed hydra
  4736 | D:6      | Bought a +1 glaive of flaming for 224 gold pieces
  5230 | D:7      | Found a shadowy altar of Dithmenos.
  5231 | D:7      | Found a hazy altar of Hepliaklqana.
  5353 | D:7      | Noticed a two-headed ogre
  5504 | D:7      | Found a basalt altar of Yredelemnul.
  5580 | D:7      | Found a white marble altar of Elyvilon.
  6189 | D:8      | Reached XP level 10. HP: 54/60 MP: 10/10
  6245 | D:8      | Found a shimmering altar of Xom.
  6922 | D:9      | Found an iron altar of Okawaru.
  7355 | D:9      | Reached skill level 10 in Maces & Flails
  7476 | D:10     | Entered Level 10 of the Dungeon
  7573 | D:10     | Found a burning altar of Makhleb.
  7711 | D:10     | Killed an unseen horror
  8132 | D:10     | Found a staircase to the Lair.
  8143 | Lair:1   | Entered Level 1 of the Lair of Beasts
  8166 | Lair:1   | Noticed a cane toad
  8194 | Lair:1   | Killed a cane toad
  8195 | Lair:1   | Reached XP level 11. HP: 15/66 MP: 11/11
  8301 | Lair:1   | Reached skill level 10 in Shields
  8340 | Lair:1   | Found a frozen archway.
  8368 | IceCv    | Entered an ice cave
  8408 | IceCv    | Noticed a white ugly thing
  8429 | IceCv    | Killed from afar by an ice statue

Illustrated notes

Levels and vault maps discovered:
D:1:      elethiomel_arrival_maze, layout_basic
D:2:      layout_basic, serial_shops, nicolae_diamond_shop, uniq_sigmund,
          uniq_robin
D:3:      layout_loops_corners, kennysheep_another_room, grunt_ministairs_15,
          minivault_4
D:4:      layout_cave_pools, nicolae_uskayaw_en_pointe, nicolae_stop_n_shop_1
D:5:      minmay_evil_eye, layout_basic, fiery_altar_vehumet,
          nicolae_ru_path_of_blood, mainiacjoe_overflow_24_doors,
          minmay_temple_entry_fiery
D:6:      layout_loops_cross, mainiacjoe_overflow_chevrons,
          nicolae_gozag_cash_rules_everything_around_me, minivault_24,
          doesnt_shop_hydraphobe, uniq_pikel
D:7:      layout_loops_cross, kennysheep_ying_yang,
          riverfiend_overflow_shadow_ancestor, hangedman_glass_teeth,
          nrook_uturn
D:8:      layout_rooms, kennysheep_little_box, mainiacjoe_overflow_catwalk
D:9:      layout_irregular_city, old_standard_altar
D:10:     layout_gridville, fedhas_bush_and_centaur_altar,
          mainiacjoe_overflow_concentric_impassable, lemuel_doored_altar,
          dpeg_oklobed_lair
Temple:   nicolae_temple_ecumenical_triangle
Lair:1:   layout_hall_layers, portal_ice_cave_entry_pillars_2,
          ebering_ghost_rock_garden, cheibrodos_lair_caveside_slide,
          nicolae_lair_run_with_the_wolves, grunt_megastairs_2
IceCv:    ice_cave_statue_garden_chambered

Skill      XL: |  1  2  3  4  5  6  7  8  9 10 11 |
---------------+----------------------------------+-----
Maces & Flails | 4 5 7 9 10 | 10.6
Armour         | 4 5 6 7 8 |  8.7
Shields        | 4 5 6 7 9 10 | 10.2
Fighting       | 4 5 6 7 |  7.0
Dodging        | 1 2 |  2.7
Stealth        | |  0.8

Action                   |  1- 3 |  4- 6 |  7- 9 | 10-12 || total
-------------------------+-------+-------+-------+-------++-------
Melee: Flail             |    83 |   183 |   415 |   375 ||  1056
  Use: Potion            |     1 |       |     1 |     9 ||    11
       Scroll            |     1 |       |     9 |     4 ||    14
Armor: Scale mail        |    50 |   124 |       |       ||   174
       Chain mail        |       |    18 |   222 |       ||   240
       Plate armour      |       |       |    61 |   444 ||   505
Dodge: Dodged            |    39 |   119 |   119 |   113 ||   390
Block: Buckler           |    15 |    55 |     1 |       ||    71
       Kite shield       |       |       |   208 |   239 ||   447

Table legend: (Time is in decaauts)
 A = Elapsed time spent in this place.
 B = Non-inter-level travel time spent in this place.
 C = Inter-level travel time spent in this place.
 D = Time resting spent in this place.
 E = Time spent auto-exploring this place.
 F = Levels seen in this place.
 G = Mean time per level.
                   A        B        C        D        E       F      G
               +--------+--------+--------+--------+--------+-----+--------+
         Total |   8636 |   8636 |      0 |     66 |      0 |  13 |  664.3 |
       Dungeon |   8287 |   8287 |      0 |     26 |      0 |  10 |  828.7 |
        Temple |     61 |     61 |      0 |      0 |      0 |   1 |   61.0 |
          Lair |    229 |    229 |      0 |     40 |      0 |   1 |  229.0 |
      Ice Cave |     56 |     56 |      0 |      0 |      0 |   1 |   56.0 |
               +--------+--------+--------+--------+--------+-----+--------+

Top non-repeatable levels by time:
     D:9: 1073 daAuts
     D:3: 966 daAuts
     D:7: 935 daAuts
     D:6: 893 daAuts
     D:5: 891 daAuts
     D:1: 844 daAuts
     D:2: 827 daAuts
     D:4: 699 daAuts
    D:10: 610 daAuts
     D:8: 546 daAuts
  Lair:1: 229 daAuts
  Temple: 61 daAuts
   IceCv: 56 daAuts
